 Dungeon Crawl Stone Soup version 0.32-a0-540-g866d13106e (webtiles) character file.

Game seed: 17816955251369928636

121 adelrune the Vexing (level 5, 0/38 HPs)
             Began as a Coglin Hexslinger on Feb 28, 2024.
             Was an Initiate of Beogh.
             Slain by an orc wizard
             ... wielding a +0 dagger
              (3 damage)
             ... on level 3 of the Dungeon.
             The game lasted 00:07:56 (2308 turns).

adelrune the Vexing (Coglin Hexslinger)             Turns: 2308, Time: 00:07:56

Health: 0/38       AC:  7    Str:  8    XL:     5   Next: 5%
Magic:  6/6        EV: 10    Int: 13    God:    Beogh [......]
Gold:   152        SH:  0    Dex: 18    Spells: 4/6 levels left

rFire   . . .        a - +1 sling {Kulveer}
rCold   . . .        (no shield)
rNeg    . . .        j - +0 ring mail
rPois   .            (no helmet)
rElec   .            (no cloak)
rCorr   .            i - +1 pair of gloves
SInv    .            (no boots)
Will    .....        (no amulet) Stlth
                     (ring unavailable)
HPRegen 0.26/turn    (ring unavailable)
MPRegen 0.10/turn

%: no passive effects
@: confused, revving
A: off-hand wielding, slow wielding, warmup strikes, no rings
a: Renounce Religion


You were on level 3 of the Dungeon.
You worshipped Beogh.
Beogh was noncommittal.
You visited 1 branch of the dungeon, and saw 3 of its levels.

You collected 152 gold pieces.

Inventory:

Hand Weapons
 a - a +1 sling (weapon) {Kulveer}
Armour
 c - a +0 robe
 i - a +1 pair of gloves (worn)
 j - a +0 ring mail (worn)
Scrolls
 b - a scroll of poison
 e - a scroll of brand weapon {unknown}
 f - 2 scrolls of teleportation {unknown}
 h - a scroll of amnesia {unknown}
 l - 2 scrolls of fog {unknown}
Potions
 d - a potion of heal wounds {unknown}
 g - a potion of enlightenment {unknown}
 k - a potion of brilliance {unknown}
 m - 2 potions of curing {unknown}
 n - a potion of lignification {unknown}


   Skills:
 + Level 2.1 Fighting
 * Level 3.2 Ranged Weapons
 + Level 2.5 Dodging
 - Level 1.0 Spellcasting
 + Level 3.2 Hexes
 - Level 0.8 Fire Magic


You had 4 spell levels left.
You knew the following spells:

 Your Spells              Type           Power      Damage    Failure   Level
a - Jinxbite              Hex            18%        N/A       34%         2

Your spell library contained the following spells:

 Spells                   Type           Power      Damage    Failure   Level
 Sigil of Binding         Hex            9%         N/A       56%         3
 Inner Flame              Hex/Fire       6%         N/A       75%         3
 Cause Fear               Hex            4%         N/A       92%         4
 Summon Ice Beast         Ice/Summ       0%         N/A       95%         3
 Dimensional Bullseye     Hex/Tloc       2%         N/A       99%         4
 Summon Mana Viper        Hex/Summ       4%         N/A       100%        5
 Monstrous Menagerie      Summ           0%         N/A       100%        7


Dungeon Overview and Level Annotations

Branches:
Dungeon (3/15)

Altars:

Shops:
D:3 *


Innate Abilities, Weirdness & Mutations

You can wield a second weapon in your off-hand.
It takes a long time for you to wield or remove held weapons.
Your first few attacks do less damage.
Your grasper-arms cannot wear rings.


Message History

You are confused.
You hear some strange, mumbled words.
A puff of flame appears from out of thin air!
The puff of flame hits you.
You bump into the rock wall.
Something hits you.
* * * LOW HITPOINT WARNING * * *
You bump into the rock wall.
Something hits you.
* * * LOW HITPOINT WARNING * * *
You clumsily bash something but do no damage.
You hear some strange, mumbled words.
A magic dart appears from out of thin air!
The magic dart hits you.
* * * LOW HITPOINT WARNING * * *
Something hits you but does no damage.
You bump into the rock wall.
You feel less confused. Something hits you but does no damage.
You hear some strange, mumbled words.
A puff of flame appears from out of thin air!
The puff of flame misses you.
You hear some strange, mumbled words.
Something tries to affect you, but you resist.
You shoot a sling bullet.
You hear some strange, mumbled words.
A magic dart appears from out of thin air!
The magic dart hits you.
* * * LOW HITPOINT WARNING * * *
You hear some strange, mumbled words.
A magic dart appears from out of thin air!
The magic dart hits you.
* * * LOW HITPOINT WARNING * * *
You shoot a sling bullet.
You hear some strange, mumbled words.
You are confused.
You barely miss something. Something hits you.
* * * LOW HITPOINT WARNING * * *
Something hits you but does no damage. Something hits you.
You die...
Beogh appreciates something's killing of a heretic priest.

.#)). #.. .....###..
..#.....) ........###
#.....## #...#..#
#...##†###
#####...##...####
.........####>.@.#####
######...#######{....#
#....†.<...####..#
#...<#####..........
####.....######### #
#####...# ###.# ...
##...


There were no monsters in sight!

Vanquished Creatures
  A sleepcap (D:3)
  2 adders
  3 ribbon worms
  3 dart slugs
  An orc (D:3)
  A ball python (D:1)
  6 bats
  6 endoplasms
  A giant cockroach (D:1)
  6 goblins
  5 hobgoblins
  5 jackals
  3 quokkas
  3 frilled lizards (D:1)
  5 kobolds
  5 rats (D:1)
56 creatures vanquished.

Vanquished Creatures (others)
  An orc (D:3)
1 creature vanquished.

Grand Total: 57 creatures vanquished

Notes
Turn   | Place    | Note
-------+----------+-------------------------------------------
     0 | D:1      | adelrune the Coglin Hexslinger began the quest for the Orb.
     0 | D:1      | Reached XP level 1. HP: 15/15 MP: 2/2
    87 | D:1      | Reached XP level 2. HP: 21/21 MP: 3/3
   163 | D:1      | Learned a level 2 spell: Jinxbite
   600 | D:1      | Reached XP level 3. HP: 26/26 MP: 1/4
  1140 | D:2      | Found a faded altar of an unknown god.
  1509 | D:2      | Reached XP level 4. HP: 21/33 MP: 5/5
  2231 | D:3      | Found Veomnops's General Store.
  2241 | D:3      | Became a worshipper of Beogh the Shepherd
  2289 | D:3      | Reached XP level 5. HP: 24/38 MP: 6/6
  2308 | D:3      | Slain by an orc wizard

Illustrated notes

Levels and vault maps discovered:
D:1:      dpeg_arrival_houses_and_road, layout_basic, minivault_4
D:2:      layout_loops_ring, nicolae_ecumenical_oubliette, st_stairs_1,
          minmay_pentomino_r4
D:3:      layout_rooms, mainiacjoe_overflow_alcove_2, serial_shops,
          nicolae_shop_stone

Skill      XL: |  1  2  3  4 |
---------------+-------------+-----
Ranged Weapons | 2 3 |  3.2
Dodging        | 2 |  2.5
Hexes          | 3 |  3.2
Fighting       | 2 |  2.1
Spellcasting   | |  1.0
Fire Magic     | |  0.8

Action                     |  1- 3 |  4- 6 || total
---------------------------+-------+-------++-------
  Melee: Sling             |       |     8 ||     8
   Fire: Sling             |   106 |   109 ||   215
   Cast: Jinxbite          |    11 |       ||    11
 Invoke: Convert to Beogh  |       |     1 ||     1
 Armour: Robe              |     9 |       ||     9
         Ring mail         |    20 |    75 ||    95
  Dodge: Dodged            |    34 |    28 ||    62

Table legend: (Time is in decaauts)
 A = Elapsed time spent in this place.
 B = Non-inter-level travel time spent in this place.
 C = Inter-level travel time spent in this place.
 D = Time resting spent in this place.
 E = Time spent auto-exploring this place.
 F = Levels seen in this place.
 G = Mean time per level.
                   A        B        C        D        E       F      G
               +--------+--------+--------+--------+--------+-----+--------+
         Total |   2400 |   2316 |     84 |    411 |   1280 |   3 |  800.0 |
       Dungeon |   2400 |   2316 |     84 |    411 |   1280 |   3 |  800.0 |
               +--------+--------+--------+--------+--------+-----+--------+

Top non-repeatable levels by time:
     D:1: 1378 daAuts
     D:2: 887 daAuts
     D:3: 133 daAuts
